 Dungeon Crawl Stone Soup version 0.19-a0-958-gd69d43c (webtiles) character file.

443 George the Slasher (level 6, -6/47 HPs)
             Began as a Demonspawn Chaos Knight on July 11, 2016.
             Mangled by a centaur
             ... wielding a +0 spear
              (8 damage)
             ... on level 5 of the Dungeon.
             The game lasted 00:07:31 (3425 turns).

George the Slasher (Demonspawn Chaos Knight)        Turns: 3425, Time: 00:07:32

Health: -6/47      AC:  9    Str: 13 (14) XL:     6   Next: 71%
Magic:  15/15      EV: 10    Int: 14      God:    Xom [...*..]
Gold:   184        SH:  0    Dex: 14      Spells: 0 memorised, 5 levels left

rFire  + . .     SeeInvis .     a - +0 falchion (chaos)
rCold  + . .     Gourm    .     b - +3 leather armour
rNeg   . . .     Faith    .     (no shield)
rPois  +         Spirit   .     (no helmet)
rElec  .         Dismiss  .     (no cloak)
rCorr  .         Reflect  .     (no gloves)
SustAt .         Harm     +     (no boots)
MR     .....                    p - amulet of harm
Stlth  +.........               z - ring of magical power
                                w - ring of protection from fire

@: not resistant to hostile enchantments, very unstealthy
A: molten scales 2, agile 1, cold resistance 1, demonic guardian 1,
deterioration 1, mutation resistance 1, poison resistance, screaming 1, freezing
cloud immunity
a: Renounce Religion


You were on level 5 of the Dungeon.
You worshipped Xom.
You were a favourite toy of Xom.
You were not hungry.

You visited 1 branch of the dungeon, and saw 5 of its levels.

You collected 184 gold pieces.

Inventory:

Hand Weapons
 a - a +0 falchion of chaos (weapon)
Missiles
 h - a throwing net (quivered)
Armour
 b - a +3 leather armour (worn)
Jewellery
 p - an amulet of harm (around neck)
 w - a ring of protection from fire (left hand)
 z - a ring of magical power (right hand)
Wands
 J - a wand of teleportation (5/9)
Scrolls
 f - a scroll of recharging
 l - 5 scrolls of remove curse
Potions
 n - 2 potions of heal wounds
 s - 2 potions of lignification
 v - a potion of magic
 A - a potion of curing {unknown}
 B - 2 potions of agility {unknown}
 D - a potion of flight {unknown}
 F - a potion of haste {unknown}
 H - a potion of might {unknown}
 I - a potion of resistance {unknown}
Comestibles
 c - 2 bread rations
 i - 7 fruits
 u - 3 beef jerkies
 G - 4 chunks of flesh


   Skills:
 - Level 3.0 Fighting
 + Level 7.0 Long Blades
 - Level 1.7 Armour
 - Level 0.8 Dodging


You had 5 spell levels left.
You didn't know any spells.

Dungeon Overview and Level Annotations

Branches:
Dungeon (5/15)             Temple (0/1) D:4

Altars:
Pakellas
Qazlal
Xom
Yredelemnul
Zin


Innate Abilities, Weirdness & Mutations

You are mostly covered in molten scales. (AC +3, EV -1)
Your flesh is cold resistant. (rC+)
A weak demonic guardian rushes to your aid.
You are immune to freezing clouds.
You are agile. (Dex +2)
Your body sometimes deteriorates upon taking damage.
You are somewhat resistant to further mutation.
Your system is resistant to poisons. (rPois)
You occasionally shout uncontrollably at your foes.


Message History

Your quasit closely misses the worker ant. x2
Your quasit claws the worker ant.
The worker ant dies!
Your Long Blades skill increases to level 7!
You feel your dexterity returning.
You see here an arrow.
The centaur unwields an uncursed shortbow.
The centaur wields an uncursed spear.
The centaur hits you but does no damage.
Your quasit barely misses the centaur.
Your quasit closely misses the centaur.
Your quasit barely misses the centaur.
The centaur hits you with an uncursed spear.
* * * LOW HITPOINT WARNING * * *
You see here an arrow.
You hit the centaur.
The centaur is moderately wounded.
Your ufetubus barely misses the centaur.
Your ufetubus closely misses the centaur.
The centaur hits you with an uncursed spear!
You die...

,**** #.**#..# ,* #.,*##.## ,*
*#,* #.[#### ,*
#.####....####### ,*
*,...####.......# ,*****
***#.#####......# ,,,,,*
#............#
,***,**############.....#......#
,,,*,,,.......5(@55.....#......#
,*,,***##########c#.....########
,**,,* *,,,,...#.....#
****,******,,.....#.....#
,,,,,*,,,,,....)...######
,,,,,,,***,........,* **,,,,**
*,.........* ******** *,,*,,**
*,.........* *,,,,,,,
,,***,,***,,,,,,,,,,* *,,,,,,,


You could see a centaur, a friendly quasit, a friendly crimson imp and a
friendly ufetubus.

Vanquished Creatures
  A phantom (D:4)
  A centaur (D:5)
  A water moccasin zombie (D:3)
  An orc priest (D:4)
  A howler monkey zombie (D:3)
  7 adders
  An ooze (D:1)
  An adder skeleton (D:4)
  A worm (D:2)
  3 dart slugs
  A giant gecko (D:5)
  13 orcs
  A ball python (D:3)
  5 giant cockroaches
  11 goblins
  15 hobgoblins
  A jackal (D:2)
  2 quokkas
  12 bats
  A giant gecko skeleton (D:4)
  7 giant newts
  5 kobolds
  10 rats
102 creatures vanquished.

Vanquished Creatures (collateral kills)
  A worker ant (D:5)
  2 orcs (D:4)
3 creatures vanquished.

Vanquished Creatures (others)
  A hungry ghost (D:4)
1 creature vanquished.

Grand Total: 106 creatures vanquished

Notes
Turn   | Place    | Note
-------+----------+-------------------------------------------
     0 | D:1      | George the Demonspawn Chaos Knight began the quest for the Orb.
     0 | D:1      | Reached XP level 1. HP: 18/18 MP: 1/1
     7 | D:1      | XOM: silly message
    15 | D:1      | Reached skill level 3 in Long Blades
   184 | D:1      | Gained mutation: Your flesh is cold resistant. (rC+) [demonic ancestry]
   184 | D:1      | Reached XP level 2. HP: 24/24 MP: 2/2
   256 | D:1      | XOM: enchant monster (good)
   350 | D:1      | XOM: enchant monster (bad)
   367 | D:1      | Gained mutation: You are partially covered in molten scales. (AC +1) [demonic ancestry]
   367 | D:1      | Reached XP level 3. HP: 18/29 MP: 3/3
   416 | D:1      | XOM: 2-stop teleportation journey
   607 | D:1      | Reached skill level 4 in Long Blades
   756 | D:2      | Found a stormy altar of Qazlal.
   832 | D:2      | Found a shimmering altar of Xom.
   834 | D:2      | Found a basalt altar of Yredelemnul.
  1177 | D:2      | Gained mutation: You are mostly covered in molten scales. (AC +3, EV -1) [demonic ancestry]
  1177 | D:2      | Reached XP level 4. HP: 20/35 MP: 4/4
  1308 | D:2      | XOM: silly message
  1499 | D:2      | XOM: god gift: 14 bolts
  1724 | D:2      | XOM: god gift: leather armour {god gift}
  1744 | D:2      | XOM: give mutations
  1744 | D:2      | Gained mutation: You occasionally shout uncontrollably at your foes. [Xom's mischief]
  1744 | D:2      | Gained mutation: You are dopey. (Int -2) [Xom's mischief]
  1744 | D:2      | Gained mutation: Your body sometimes deteriorates upon taking damage. [Xom's mischief]
  1754 | D:2      | XOM: polymorph hobgoblin -> jackal
  1785 | D:3      | XOM: 1-stop teleportation journey
  1794 | D:3      | Reached skill level 5 in Long Blades
  1948 | D:3      | Gained mutation: A weak demonic guardian rushes to your aid. [demonic ancestry]
  1948 | D:3      | Reached XP level 5. HP: 41/41 MP: 5/5
  2477 | D:4      | XOM: give mutations
  2477 | D:4      | Gained mutation: You are somewhat resistant to further mutation. [Xom's grace]
  2477 | D:4      | Gained mutation: Your muscles are strong. (Str +2) [Xom's grace]
  2477 | D:4      | Gained mutation: Your system is resistant to poisons. (rPois) [Xom's grace]
  2477 | D:4      | Gained mutation: You are agile. (Dex +2) [Xom's grace]
  2485 | D:4      | Reached skill level 6 in Long Blades
  2681 | D:4      | Found a glowing silver altar of Zin.
  2852 | D:4      | Gained mutation: You are immune to freezing clouds. [demonic ancestry]
  2852 | D:4      | Reached XP level 6. HP: 26/47 MP: 6/6
  2975 | D:4      | Found a staircase to the Ecumenical Temple.
  3188 | D:4      | Found an oddly glowing altar of Pakellas.
  3188 | D:4      | Noticed a hungry ghost
  3216 | D:4      | Killed a hungry ghost
  3247 | D:4      | XOM: mild Conj miscast
  3253 | D:5      | Entered Level 5 of the Dungeon
  3379 | D:5      | Lost mutation: Your muscles are strong. (Str +2) [potion of mutation]
  3379 | D:5      | Lost mutation: You are dopey. (Int -2) [potion of mutation]
  3420 | D:5      | XOM: silly message
  3423 | D:5      | Reached skill level 7 in Long Blades
  3424 | D:5      | HP: 1/47 [centaur/uncursed spear (4)]
  3425 | D:5      | Mangled by a centaur

Vault maps used:
D:1:      mrwooster_arrival_statue_3
D:2:      grunt_qazlal_clouds, grunt_temple_overflow_open
D:4:      lemuel_doored_altar, first_bread, gammafunk_pakellas_cloud_experiment
D:5:      uniq_duvessa, uniq_blork_the_orc

Skill      XL: |  1  2  3  4  5  6 |
---------------+-------------------+-----
Long Blades    | 3 4 5 6 7 |  7.0
Fighting       | |  3.0
Armour         | |  1.7
Dodging        | |  0.8

Action                   |  1- 3 |  4- 6 || total
-------------------------+-------+-------++-------
Melee: Falchion          |   164 |   253 ||   417
  Use: Scroll            |       |    11 ||    11
       Potion            |       |     1 ||     1
 Stab: Paralysed         |     1 |     1 ||     2
       Confused          |     1 |     6 ||     7
       Petrifying        |       |     1 ||     1
  Eat: Chunk             |     1 |     8 ||     9
Armor: Leather armour    |    49 |   108 ||   157
Dodge: Dodged            |    81 |   108 ||   189
